Map: Eternal Empire LE

Players

Erik

  • Race: Zerg Zerg
  • League: Grandmaster
  • Spawn Location: 1:00

Ronaldinho - Winner!

  • Race: Terran Terran
  • League: Master
  • Spawn Location: 7:00

VOD

Have the link to the VOD?

Description

Time

  • Played on: April 8, 2020, 10:37 a.m.
  • Length: 11:04
Show
View Real Time Build Order
Export as new Build Order

Erik Zerg 

Build Orders: Hatch First, Lurkers 

Get SALT Encoding   

  12  0:02  Drone  
  13  0:08  Drone  
  14  0:16  Extractor  
  14  0:17  Drone  
  15  0:37  Hatchery  
  15  0:42  Extractor  
  13  0:43  Drone  
  13  0:49  Overlord  
  15  1:04  Spawning Pool  
  14  1:08  Drone  
  14  1:11  Drone  
  16  1:14  Drone  
  17  1:19  Drone  
  17  1:22  Extractor  
  17  1:30  Drone  
  18  1:40  Drone  
  19  1:50  Queen x2  
  19  1:51  Zergling x2  
  24  1:55  Drone  
  26  2:01  Drone  
  26  2:03  Overlord  
  26  2:10  Drone  
  26  2:14  Drone  
  28  2:21  Drone  
  29  2:23  Drone  
  29  2:24  Metabolic Boost  
  30  2:33  Drone  
  30  2:36  Drone, Queen  
  34  2:51  Hatchery  
  34  2:57  Drone x2  
  35  2:59  Overlord  
  35  3:03  Drone  
  36  3:09  Overlord  
  35  3:21  Spore Crawler, Drone x5  
  35  3:24  Queen  
  42  3:27  Drone  
  42  3:35  Drone  
  44  3:41  Zergling x6  
  44  3:42  Zergling x2  
  48  3:50  Overlord  
  48  3:52  Overlord  
  48  3:56  Drone x3  
  48  3:57  Drone  
  52  4:02  Queen  
  52  4:06  Extractor  
  52  4:08  Queen  
  52  4:09  Baneling Nest  
  54  4:10  Overlord  
  54  4:11  Drone x3  
  57  4:18  Zergling x4  
  59  4:26  Lair  
  59  4:27  Drone x5  
  59  4:30  Extractor  
  63  4:32  Extractor  
  63  4:33  Spore Crawler  
  63  4:37  Zergling x4  
  64  4:41  Drone x4  
  68  4:49  Drone x2  
  70  4:53  Spore Crawler x2, Drone x4  
  70  4:57  Spore Crawler  
  71  5:00  Drone  
  71  5:05  Drone x2  
  74  5:14  Overlord  
  74  5:21  Evolution Chamber  
  74  5:23  Zergling x2  
  74  5:27  Overlord x3  
  74  5:33  Spire  
  74  5:34  Drone x3  
  74  5:35  Drone x5  
  81  5:37  Extractor  
  81  5:38  Extractor  
  81  5:40  Baneling  
  81  5:41  Baneling x4  
  79  5:47  Zergling x6  
  67  6:03  Queen  
  67  6:04  Queen x2  
  65  6:05  Zergling x12  
  74  6:14  Drone x6  
  77  6:21  Drone  
  77  6:23  Drone  
  79  6:28  Extractor  
  79  6:32  Drone x2  
  77  6:47  Corruptor x6  
  89  6:55  Drone  
  89  6:56  Zerg Flyer Weapons Level 1  
  89  6:59  Drone  
  89  7:00  Drone  
  92  7:06  Zerg Missile Weapons Level 1, Drone  
  93  7:08  Drone  
  93  7:09  Roach Warren  
  93  7:11  Evolution Chamber  
  93  7:12  Drone  
  93  7:19  Drone x4  
  93  7:21  Overlord x2  
  97  7:37  Overlord x2  
  97  7:38  Hatchery, Zerg Melee Weapons Level 1  
  96  7:48  Drone x3  
  96  7:51  Roach x7, Hydralisk Den  
  111  8:05  Roach  
  113  8:06  Roach x8  
  129  8:19  Overlord x2  
  129  8:24  Overlord  
  129  8:26  Lurker Den, Drone  
  129  8:28  Overlord x2, Infestation Pit  
  128  8:34  Drone  
  128  8:37  Overlord  
  128  8:39  Drone x2  
  131  8:45  Corruptor  
  131  8:46  Corruptor x4, Unknown  
  136  8:54  Drone x5  
  141  9:04  Drone  
  140  9:10  Drone x11  
  151  9:18  Glial Reconstitution  
  151  9:24  Zergling x2  
  151  9:25  Zergling x10  
  157  9:35  Hive  
  157  9:37  Spore Crawler  
  157  9:38  Spine Crawler x2  
  155  9:40  Spine Crawler  
  152  9:47  Hydralisk x5  
  162  9:55  Hydralisk x4  
  170  10:20  Lurker x9  
  170  10:33  Ravager x7  
  170  10:35  Zergling x32  
Show
View Real Time Build Order
Export as new Build Order

Ronaldinho Terran - Winner!

Build Orders: Reaper Expand, Mech 

Get SALT Encoding   

  12  0:04  SCV  
  13  0:16  SCV  
  13  0:21  Supply Depot  
  14  0:28  SCV  
  15  0:42  SCV  
  16  0:43  Barracks  
  16  0:46  Refinery  
  16  0:54  SCV  
  17  1:07  SCV  
  18  1:19  SCV  
  19  1:31  Reaper, Orbital Command  
  20  1:40  Command Center  
  20  1:50  Supply Depot  
  20  1:57  SCV  
  21  2:03  Marine  
  22  2:10  Factory  
  22  2:11  SCV  
  23  2:20  Refinery  
  23  2:23  SCV  
  23  2:24  Barracks Reactor  
  24  2:35  SCV  
  25  2:47  SCV  
  26  2:52  Orbital Command  
  26  2:58  Starport  
  26  2:59  SCV  
  27  3:08  Hellion x2  
  27  3:11  SCV  
  32  3:16  Barracks Tech Lab  
  32  3:19  SCV  
  33  3:23  SCV  
  34  3:30  Hellion x2  
  34  3:31  SCV  
  39  3:35  SCV  
  39  3:38  Fusion Core  
  39  3:40  Supply Depot  
  40  3:43  SCV  
  40  3:48  SCV  
  42  3:55  SCV  
  42  4:00  SCV  
  42  4:02  Hellion x2  
  48  4:06  Supply Depot  
  48  4:08  SCV  
  48  4:09  Supply Depot  
  49  4:12  SCV  
  50  4:20  SCV  
  51  4:27  SCV  
  51  4:28  Battlecruiser  
  51  4:30  Hellion x2  
  62  4:35  SCV  
  62  4:36  Supply Depot  
  63  4:40  SCV  
  63  4:42  Armory  
  64  4:49  SCV  
  65  4:55  Command Center  
  65  4:56  SCV  
  66  5:01  Hellion x2  
  66  5:04  SCV  
  71  5:07  Supply Depot  
  71  5:09  SCV  
  71  5:10  Refinery x2  
  72  5:17  SCV  
  73  5:21  SCV  
  73  5:26  Hellion  
  73  5:27  Hellion  
  78  5:29  SCV  
  78  5:34  SCV  
  80  5:38  Supply Depot  
  80  5:41  SCV  
  80  5:42  Factory  
  81  5:45  Factory  
  81  5:46  SCV  
  81  5:48  Hellion x2  
  86  5:55  SCV  
  85  5:58  SCV  
  73  6:05  Battlecruiser  
  73  6:07  SCV  
  73  6:10  Orbital Command, SCV  
  75  6:13  Hellion  
  75  6:20  SCV  
  75  6:22  Hellion, SCV  
  77  6:29  Factory Tech Lab  
  77  6:31  Factory Tech Lab  
  77  6:32  SCV  
  78  6:34  Hellion, SCV  
  78  6:35  Orbital Command  
  78  6:39  Terran Vehicle Weapons Level 1  
  81  6:40  Engineering Bay  
  81  6:44  SCV  
  81  6:46  Hellion, SCV  
  85  6:50  Thor, Refinery  
  85  6:52  Thor  
  97  6:55  Refinery  
  97  6:58  SCV x2  
  99  7:05  SCV  
  99  7:07  Missile Turret  
  100  7:10  Missile Turret, SCV x2  
  102  7:18  Hellion x2  
  102  7:20  Factory  
  102  7:21  Factory  
  102  7:22  SCV x2  
  108  7:29  SCV  
  109  7:33  Siege Tank  
  109  7:35  Siege Tank, SCV x2  
  117  7:44  Command Center  
  117  7:49  Supply Depot  
  117  7:51  Supply Depot  
  117  7:52  Infernal Pre-Igniter  
  117  8:11  Hellion x2, SCV  
  122  8:12  Factory Tech Lab  
  122  8:13  Factory Reactor, Siege Tank x2, Armory, Supply Depot  
  122  8:14  Supply Depot  
  128  8:23  Supply Depot  
  128  8:25  Supply Depot  
  128  8:32  Siege Tank  
  128  8:34  Hellion  
  133  8:35  Hellion, Mag-Field Accelerator  
  135  8:45  Cyclone x2  
  141  8:52  Terran Vehicle And Ship Armor Level 1  
  141  8:54  Hellion x2  
  145  8:59  Factory  
  145  9:00  Factory x2, SCV x3  
  152  9:03  Hellion x2  
  152  9:07  Unknown  
  152  9:10  Cyclone  
  152  9:12  SCV x3  
  158  9:19  Cyclone x2  
  158  9:20  Hellion x2  
  171  9:24  Hellion, SCV x2  
  171  9:27  Supply Depot  
  171  9:28  Supply Depot  
  171  9:29  Planetary Fortress  
  172  9:34  Supply Depot  
  172  9:45  Cyclone, Factory Tech Lab  
  175  9:46  Factory Tech Lab  
  175  9:47  Factory Reactor, Factory Tech Lab  
  177  10:00  Hellion x4, Cyclone  
  177  10:01  Cyclone  
  189  10:15  Cyclone, Command Center  
  189  10:17  Cyclone  
  189  10:19  Cyclone  
  195  10:39  Hellion x2  
  197  10:50  SCV  
Tags
 
Add a new tag
Caveats
  • Supply blocks, unpowered buildings, or Contaminate may cause inaccurate times.
  • Supply counts are checked every 10 seconds.